 Dungeon Crawl Stone Soup version 0.28-a0-589-g333b8329f1 (webtiles) character file.

Game seed: 12242619314843917369

21 sanka the Changer (level 2, -5/22 HPs)
             Began as a Demigod Transmuter on Oct 3, 2021.
             Slain by a worm (9 damage)
             ... on level 2 of the Dungeon.
             The game lasted 00:01:36 (1187 turns).

sanka the Changer (Demigod Transmuter)              Turns: 1187, Time: 00:01:36

Health: -5/22      AC:  3    Str: 11    XL:     2   Next: 48%
Magic:  6/7        EV: 12    Int: 15    God:
Gold:   69         SH:  0    Dex: 14    Spells: 4/5 levels left

rFire   . . .      SeeInvis .     - Unarmed
rCold   . . .      Faith    .   (no shield)
rNeg    . . .      Spirit   .   a - +0 robe
rPois   .          Reflect  .   (no helmet)
rElec   .          Harm     .   (no cloak)
rCorr   .          Rampage  .   b - +0 pair of gloves
Will    .....                   (no boots)
Stlth   +.........              (no amulet)
HPRegen 0.07/turn               (no ring)
MPRegen 0.10/turn               (no ring)

@: no status effects
A: high mp 1, forlorn
a: no special abilities


You were on level 2 of the Dungeon.
You visited 1 branch of the dungeon, and saw 2 of its levels.

You collected 69 gold pieces.


Innate Abilities, Weirdness & Mutations

Your attributes grow dramatically as you level up.
You have an increased reservoir of magic. (+10% MP)
You shall have no god before yourself.


   Skills:
 - Level 0.8 Fighting
 - Level 1.7 Dodging
 - Level 2.6 Unarmed Combat
 - Level 2.0 Spellcasting
 + Level 2.8 Transmutations


You had 4 spell levels left.
You knew the following spells:

 Your Spells              Type           Power      Damage    Failure   Level
z - Beastly Appendage     Tmut           20%        N/A       7%          1

Your spell library contained the following spells:

 Spells                   Type           Power      Damage    Failure   Level
 Wereblood                Tmut           10%        N/A       11%         2
 Spider Form              Tmut/Pois      2%         N/A       36%         3
 Ice Form                 Ice/Tmut       5%         N/A       77%         4

Inventory:

Armour
 a - a +0 robe (worn)
 b - a +0 pair of gloves (worn)
Scrolls
 d - a scroll of torment {unknown}
 e - a scroll of teleportation {unknown}
 f - a scroll of vulnerability {unknown}
Potions
 c - a potion of resistance {unknown}

Dungeon Overview and Level Annotations

Branches:
Dungeon (2/15)

▒▒▒▒▒▒▒▒▒▒ ▒▒▒ ▒.........▒
▒<▒ ..........▒ ▒.▒
▒.▒.▒.▒.. ▒.▒▒▒▒▒▒
▒......w▒ ▒.......
▒.▒.▒.▒p▒ ▒▒▒▒▒▒▒▒▒▒▒▒
▒.......▒ ▒........▒
▒.▒.▒.▒.▒▒▒▒▒........▒
▒.......▒............▒
▒.▒▒▒..▒▒.........▒▒
.▒▒.▒▒▒.▒▒▒..........▒▒▒▒▒
..........................
▒▒▒.▒▒▒▒▒▒▒..........▒▒▒..
▒▒▒▒▒▒▒▒...▒▒▒..


You could see a worm.


Message History

No target in view!
No target in view!
Your transformation is almost over.
You see here a +0 short sword.
Your horns disappear.
Your talons disappear.
Found 6 gold pieces.
You now have 69 gold pieces (gained 6).
A worm comes into view.
A worm is nearby!
A worm is nearby!
You miscast Beastly Appendage.
You are very lightly contaminated with residual magic.
Nothing appears to happen.
You hit the worm.
The worm is lightly wounded.
The worm bites you!
You hit the worm.
The worm is lightly wounded.
You hit the worm.
The worm is lightly wounded.
The worm bites you!
* * * LOW HITPOINT WARNING * * *
You hit the worm.
The worm is moderately wounded.
Your magical contamination has completely faded away.
You hit the worm.
The worm is heavily wounded.
The worm bites you!
You die...

Action                   || total
-------------------------++-------
Melee: Unarmed           ||    62
       Kick              ||     8
       Headbutt          ||     4
 Cast: Beastly Appendage ||    13
 Stab: Sleeping          ||     1
Armor: Robe              ||    11
Dodge: Dodged            ||    31

Levels and vault maps discovered:
D:1:      dpeg_arrival_central, layout_basic
D:2:      layout_basic, hellmonk_ecumenical_altar_watching_god,
          serial_co_window_serial, co_window_of_opportunity_a,
          co_window_of_opportunity_a, co_window_corner_a, co_window_corner_a,
          co_window_paths_b, co_window_of_opportunity_a, co_window_paths_b,
          co_window_of_opportunity_c, co_window_corner_b,
          co_window_unsneaky_path_e, glass_columns_b, basic_altar, uniq_jessica

Notes
Turn   | Place    | Note
-------+----------+-------------------------------------------
     0 | D:1      | sanka the Demigod Transmuter began the quest for the Orb.
     0 | D:1      | Reached XP level 1. HP: 15/15 MP: 5/5
    93 | D:1      | Reached skill level 2 in Transmutations
   101 | D:1      | Reached skill level 2 in Spellcasting
   405 | D:1      | Reached XP level 2. HP: 20/22 MP: 7/7
  1187 | D:2      | Slain by a worm

Vanquished Creatures
  2 ball pythons (D:1)
  An endoplasm (D:1)
  2 giant cockroaches
  3 goblins
  5 hobgoblins (D:1)
  2 quokkas (D:1)
  A bat (D:1)
  A kobold (D:2)
17 creatures vanquished.
